 Dungeon Crawl Stone Soup version 0.31-a0-986-g5e6e4ef867 (webtiles) character file.

Game seed: 1576934115647389621

5293 zenocrate the Chiller (level 10, -7/81 HPs)
             Began as a Demigod Ice Elementalist on Nov 17, 2023.
             Mangled by an eight-headed hydra (9 damage)
             ... on level 9 of the Dungeon.
             The game lasted 00:12:56 (9648 turns).

zenocrate the Chiller (Demigod Ice Elementalist)    Turns: 9648, Time: 00:12:57

Health: -7/81      AC: 10    Str:  9    XL:     10   Next: 15%
Magic:  10/21      EV: 14    Int: 29    God:
Gold:   182        SH:  0    Dex: 14    Spells: 5/19 levels left

rFire   . . .        b - +2 falchion (elec)
rCold   . . .        c - orb {light}
rNeg    . . .        j - +0 robe
rPois   +            w - +0 helmet
rElec   .            O - +0 cloak {rPois}
rCorr   +            (no gloves)
SInv    .            M - +1 pair of boots
Will    +....        (no amulet)
Stlth   +            q - ring of resist corrosion
HPRegen 0.33/turn    B - +4 ring of protection
MPRegen 0.17/turn

%: no passive effects
@: freezing walls, hasted, glowing, very quick
A: high MP 1, forlorn, divine attributes
a: no special abilities


You were on level 9 of the Dungeon.
You visited 2 branches of the dungeon, and saw 10 of its levels.

You collected 613 gold pieces.
You spent 431 gold pieces at shops.

Inventory:

Hand Weapons
 b - a +2 falchion of electrocution (weapon)
 H - the +10 dagger of the Warrior-Mage {flame, MP-9 Str+4}
   (You found it on level 7 of the Dungeon)

   Str+4:     It affects your strength (+4).
   MP-9:      It affects your magic capacity (-9).
Missiles
 n - 6 boomerangs (quivered)
Armour
 c - an orb of light (worn)
 j - a +0 robe (worn)
 s - the +1 leather armour of the Okapi {Str+4 Int-4 SInv}
   (You found it on level 3 of the Dungeon)

   Str+4:     It affects your strength (+4).
   Int-4:     It affects your intelligence (-4).
   SInv:      It lets you see invisible.
 u - the +0 pair of boots of Sosali {*Slow Str+6 Dex+8 Slay-3}
   (You found it on level 3 of the Dungeon)

   Str+6:     It affects your strength (+6).
   Dex+8:     It affects your dexterity (+8).
   Slay-3:    It affects your accuracy & damage with ranged weapons and melee
   (-3).
   *Slow:     It may slow you when you take damage.
 w - a +0 helmet (worn)
 G - a +2 buckler
 M - a +1 pair of boots (worn)
 O - a +0 cloak of poison resistance (worn)
Magical Staves
 a - a staff of death
Jewellery
 q - a ring of resist corrosion (left hand)
 x - a ring of fire
 B - a +4 ring of protection (right hand)
Wands
 t - a wand of paralysis (19)
 C - a wand of roots (8)
 F - a wand of flame (16)
Scrolls
 g - 2 scrolls of poison {unknown}
 l - 2 scrolls of amnesia {unknown}
 m - 2 scrolls of teleportation {unknown}
 o - a scroll of enchant weapon {unknown}
 v - 2 scrolls of revelation
 y - 2 scrolls of fear {unknown}
 A - a scroll of acquirement {unknown}
 D - a scroll of blinking {unknown}
 E - 2 scrolls of vulnerability {unknown}
 I - a scroll of fog {unknown}
 L - a scroll of silence {unknown}
 P - a scroll of immolation {unknown}
Potions
 d - 2 potions of mutation
 e - a potion of lignification
 f - a potion of might
 h - 5 potions of curing
 i - a potion of haste
 k - 2 potions of enlightenment {unknown}
 p - 2 potions of resistance {unknown}
 r - a potion of magic
 z - a potion of cancellation {unknown}
 J - a potion of attraction {unknown}
 K - 2 potions of brilliance {unknown}
 N - a potion of heal wounds {unknown}


   Skills:
 + Level 5.0 Fighting
 - Level 3.6 Armour
 + Level 4.8 Dodging
 - Level 1.7 Stealth
 + Level 3.2 Shields
 + Level 5.3 Spellcasting
 + Level 4.2 Conjurations
 - Level 7.0 Ice Magic
 + Level 4.9 Earth Magic
 + Level 3.2 Evocations


You had 5 spell levels left.
You knew the following spells:

 Your Spells              Type           Power      Damage    Failure   Level
a - Stone Arrow           Conj/Erth      68%        3d11      2%          3
b - Frozen Ramparts       Ice            96%        1d15      1%          3
c - Ozocubu's Armour      Ice            48%        N/A       1%          3
d - Freeze                Ice            100%       1d10      1%          1
e - Cause Fear            Hex            3%         N/A       52%         4

Your spell library contained the following spells:

 Spells                   Type           Power      Damage    Failure   Level
 Sandblast                Erth           72%        2d16      1%          1
 Ensorcelled Hibernation  Hex/Ice        56%        N/A       2%          2
 Passwall                 Tmut/Erth      18%        N/A       3%          2
 Brom's Barrelling Bould  Conj/Erth      34%        2d5       9%          4
 Jinxbite                 Hex            14%        N/A       10%         2
 Summon Ice Beast         Ice/Summ       28%        N/A       14%         4
 Anguish                  Hex/Necr       3%         N/A       52%         4
 Summon Lightning Spire   Summ/Air       7%         N/A       52%         4
 Enfeeble                 Hex            3%         N/A       100%        7


Dungeon Overview and Level Annotations

Branches:
Dungeon (9/15)             Temple (1/1) D:7
   Lair: D:8-11         Orc: D:9-12

Shops:
D:3 :   D:4 *   D:9 (


Innate Abilities, Weirdness & Mutations

You have an increased reservoir of magic. (+10% MP)
You shall have no god before yourself.
Your divine heritage dramatically boosts your attributes as you level up.


Message History

The eight-headed hydra bites you.
The eight-headed hydra bites you but does no damage.
The orc wizard gestures at you while chanting.
You easily resist.
Casting: Stone Arrow (mildly dangerous; 2% risk of failure)
Confirm with . or Enter, or press ? or * to list all spells.
Casting: Frozen Ramparts (safe; 1% risk of failure)
Press: ? - help, Dir - look around, f - activate This square is lit by a halo.
The walls around you are covered in ice.
The wall freezes the eight-headed hydra!
The eight-headed hydra bites you. The eight-headed hydra bites you!
The eight-headed hydra bites you but does no damage.
The eight-headed hydra bites you! The eight-headed hydra bites you.
The eight-headed hydra bites you but does no damage.
The eight-headed hydra bites you!
* * * LOW HITPOINT WARNING * * *
The eight-headed hydra bites you but does no damage.
The wall freezes the orc wizard!
You kill the orc wizard!
Okay, then.
Okay, then.
Okay, then.
Aiming: Paralyse
Press: ? - help, Shift-Dir - straight line, f - eight-headed hydra
Aim: an eight-headed hydra (lightly wounded, haloed, chance to affect: 23%)
Okay, then.
Okay, then.
You feel yourself speed up.
The wall freezes the eight-headed hydra.
The eight-headed hydra barely misses you.
The eight-headed hydra bites you!
* * * LOW HITPOINT WARNING * * *
The eight-headed hydra bites you.
* * * LOW HITPOINT WARNING * * *
The eight-headed hydra bites you!
* * * LOW HITPOINT WARNING * * *
The eight-headed hydra bites you but does no damage. x2
The eight-headed hydra bites you!
You die...

....# *,,,* #..###.....(#* ....#
#...# #####...##.##..(## ....#
#...# #....[..##.....)†. ....#
#...# #..##.........###. ##..#
#...# #.#.####...####,#. #..#
#...# #.##..,#####,,,##. #..#
#...# #..#....,,,,,,,#.. #..#
#...####D.#,.#..,,,*,,#.. ##..#
#......#@.##..*#***,,##..
....#####..<##..)..#,.#****,,#...
............####...#,,**,..co#...
...%........# ##..#,,**,##..#...
....#####...# #..##,,**,##..##..
....# #...# #..#,,*,,,..#..#..
....# #...# #..#,,,,,,.....#..
....# #...# #.##,,,#####..l##.
....# #...# #.#,####...####)#)


You could see an eight-headed hydra.

Vanquished Creatures
  3 two-headed ogres
  Maurice (D:9)
  A troll (D:9)
  Sigmund (D:5)
  A ynoxinul (D:9)
  A shadow (D:9)
  A steam dragon (D:8)
  Edmund (D:5)
  A water moccasin (D:7)
  2 orc warriors (D:9)
  An ice beast (D:6)
  An ogre (D:6)
  3 black bears
  A centaur (D:5)
  A kobold brigand (D:9)
  A phantom (D:7)
  3 gnoll sergeants
  A killer bee (D:9)
  4 howler monkeys
  2 hounds (D:5)
  A gnoll bouda (D:6)
  4 orc priests
  2 sleepcaps
  Jessica (D:3)
  2 iguanas
  8 orc wizards
  8 adders
  18 gnolls
  2 shadow imps (D:7)
  4 ufetubi
  2 worms (D:2)
  2 dart slugs
  42 orcs
  10 bats
  3 endoplasms
  5 giant cockroaches
  5 hobgoblins
  8 jackals
  11 kobolds
  4 quokkas
  9 ball pythons
  5 frilled lizards
  3 goblins
  4 rats
194 creatures vanquished.

Notes
Turn   | Place    | Note
-------+----------+-------------------------------------------
     0 | D:1      | zenocrate the Demigod Ice Elementalist began the quest for
                  | the Orb.
     0 | D:1      | Reached XP level 1. HP: 14/14 MP: 5/5
   218 | D:1      | Reached skill level 4 in Ice Magic
   277 | D:1      | Reached XP level 2. HP: 20/20 MP: 4/7
  1131 | D:2      | Reached skill level 1 in Fighting
  1161 | D:2      | Reached XP level 3. HP: 28/28 MP: 3/8
  1166 | D:2      | Learned a level 3 spell: Frozen Ramparts
  2045 | D:3      | Noticed Jessica
  2070 | D:2      | Reached XP level 4. HP: 20/36 MP: 2/9
  2146 | D:3      | Killed Jessica
  2147 | D:3      | Reached skill level 1 in Armour
  2330 | D:3      | Reached skill level 5 in Ice Magic
  2445 | D:3      | Found Wesyjoan's Vocational Training.
  2592 | D:3      | Identified the +1 leather armour of the Okapi {Str+4 Int-4
                  | SInv}
  2723 | D:3      | Identified the +0 pair of boots of Sosali {*Slow Str+6
                  | Dex+8 Slay-3}
  2778 | D:4      | Reached XP level 5. HP: 41/41 MP: 8/10
  2951 | D:4      | Learned a level 3 spell: Ozocubu's Armour
  3292 | D:4      | Found Umuef's Assorted Antiques.
  3300 | D:4      | Bought a bubbling pink potion for 25 gold pieces
  3300 | D:4      | Bought a scroll labelled UNICUD DOIMOR for 28 gold pieces
  3300 | D:4      | Bought a scroll labelled ESHUNW POCHERCH for 28 gold pieces
  3300 | D:4      | Bought a gilded ring for 140 gold pieces
  3795 | D:5      | Entered Level 5 of the Dungeon
  3858 | D:5      | Noticed a black bear
  3866 | D:5      | Killed a black bear
  3884 | D:5      | Noticed a centaur
  3963 | D:5      | Reached XP level 6. HP: 48/48 MP: 2/11
  4108 | D:5      | Reached skill level 6 in Ice Magic
  4423 | D:5      | Reached XP level 7. HP: 49/56 MP: 5/13
  4733 | D:5      | Noticed Sigmund
  4748 | D:5      | Killed Sigmund
  4809 | D:5      | Noticed Edmund
  4816 | D:5      | Killed Edmund
  4994 | D:5      | Learned a level 3 spell: Stone Arrow
  5314 | D:6      | Reached skill level 1 in Conjurations
  5314 | D:6      | Reached skill level 1 in Earth Magic
  5520 | D:6      | Reached XP level 8. HP: 56/63 MP: 4/16
  6030 | D:6      | Learned a level 4 spell: Cause Fear
  6577 | D:7      | Identified the +10 dagger of the Warrior-Mage {flame, MP-9
                  | Str+4}
  6831 | D:7      | Found a staircase to the Ecumenical Temple.
  6841 | Temple   | Entered the Ecumenical Temple
  7380 | D:4      | Bought a pair of glowing boots for 210 gold pieces
  8148 | D:8      | Noticed a two-headed ogre
  8156 | D:8      | Killed a two-headed ogre
  8157 | D:8      | Reached skill level 1 in Shields
  8157 | D:8      | Reached skill level 7 in Ice Magic
  8157 | D:8      | Reached skill level 1 in Evocations
  8157 | D:8      | Reached XP level 9. HP: 29/71 MP: 5/19
  8489 | D:8      | Noticed a two-headed ogre
  8498 | D:8      | Killed a two-headed ogre
  8944 | D:9      | Identified the "Rouliy"
  8946 | D:9      | Noticed Maurice
  8973 | D:9      | Killed Maurice
  8974 | D:9      | Reached skill level 5 in Spellcasting
  9359 | D:9      | Found Leomoec's Weapon Shoppe.
  9420 | D:9      | Noticed a two-headed ogre
  9429 | D:9      | Killed a two-headed ogre
  9430 | D:9      | Reached XP level 10. HP: 61/80 MP: 3/21
  9563 | D:9      | Reached skill level 5 in Fighting
  9642 | D:9      | Noticed an eight-headed hydra
  9648 | D:9      | HP: 2/81 [eight-headed hydra (7)]
  9648 | D:9      | Mangled by an eight-headed hydra

Illustrated notes

Levels and vault maps discovered:
D:1:      scummos_arrival_gate, layout_basic, minmay_split_cup_small
D:2:      layout_basic, grunt_decor_resistance
D:3:      layout_rooms, nicolae_shop_vocational, uniq_jessica
D:4:      layout_basic, serial_shops, shop
D:5:      black_bear_nest_2, layout_loops_ring, lemuel_tele_altar,
          mainiacjoe_overflow_catwalk, sigmund_edmund_badplayer, uniq_edmund
D:6:      layout_basic, mainiacjoe_overflow_24_doors, nemelex_altar_shiori
D:7:      layout_cave_pods, tso_oasis_becter, bloody_makhleb,
          nicolae_wu_jian_wuxing_cycle, minmay_temple_entry_fiery
D:8:      layout_cave_pods
D:9:      layout_small_grid, nzn_overflow_gifts_of_might_and_magic,
          kennysheep_mini_moat, mainiacjoe_overflow_small_starburst,
          serial_shops, shop, minmay_pinched_square, uniq_maurice
Temple:   hellmonk_temple_micro_hex

Skill      XL: |  1  2  3  4  5  6  7  8  9 10 |
---------------+-------------------------------+-----
Ice Magic      | 4 5 6 7 |  7.0
Fighting       | 1 2 3 4 5 |  5.0
Armour         | 1 3 |  3.6
Spellcasting   | 2 3 4 5 |  5.3
Dodging        | 2 3 4 |  4.8
Conjurations   | 1 3 4 |  4.2
Earth Magic    | 1 3 4 |  4.9
Shields        | 1 3 |  3.2
Evocations     | 1 3 |  3.2
Stealth        | |  1.7

Action                     |  1- 3 |  4- 6 |  7- 9 | 10-12 || total
---------------------------+-------+-------+-------+-------++-------
  Melee: Unarmed           |     4 |       |       |       ||     4
         Dagger            |    27 |       |       |       ||    27
         Short sword       |       |    27 |       |       ||    27
         Staff             |       |     4 |       |       ||     4
         Falchion          |       |    15 |    91 |    11 ||   117
  Throw: Boomerang         |       |       |     1 |       ||     1
   Cast: Freeze            |    67 |    43 |    27 |       ||   137
         Frozen Ramparts   |       |     8 |    32 |     5 ||    45
         Ozocubu's Armour  |       |     3 |    25 |     2 ||    30
         Stone Arrow       |       |       |     6 |     2 ||     8
    Use: Scroll            |       |     4 |     2 |     1 ||     7
         Potion            |       |       |     1 |     1 ||     2
   Stab: Sleeping          |       |       |     1 |       ||     1
 Armour: Robe              |    52 |    47 |   143 |    24 ||   266
  Dodge: Dodged            |    62 |    69 |   129 |    12 ||   272

Table legend: (Time is in decaauts)
 A = Elapsed time spent in this place.
 B = Non-inter-level travel time spent in this place.
 C = Inter-level travel time spent in this place.
 D = Time resting spent in this place.
 E = Time spent auto-exploring this place.
 F = Levels seen in this place.
 G = Mean time per level.
                   A        B        C        D        E       F      G
               +--------+--------+--------+--------+--------+-----+--------+
         Total |   9682 |   9171 |    511 |     88 |   7858 |  10 |  968.2 |
       Dungeon |   9616 |   9105 |    511 |     88 |   7794 |   9 | 1068.4 |
        Temple |     65 |     65 |      0 |      0 |     64 |   1 |   65.0 |
               +--------+--------+--------+--------+--------+-----+--------+

Top non-repeatable levels by time:
     D:8: 1305 daAuts
     D:5: 1303 daAuts
     D:7: 1276 daAuts
     D:6: 1141 daAuts
     D:1: 1127 daAuts
     D:4: 1109 daAuts
     D:2: 1008 daAuts
     D:9: 712 daAuts
     D:3: 631 daAuts
  Temple: 65 daAuts
